Map: New Gettysburg LE

Players

KingTesla (Rob)

  • Race: Protoss Protoss
  • League: Grandmaster

RuFF - Winner!

  • Race: Terran Terran
  • League: Grandmaster

Event: Cheesadelphia Summer 2016

VOD

Have the link to the VOD?

Description

Time

  • Played on: July 23, 2016, 8:53 p.m.
  • Length: 17:43

All games in this series

Show
View Real Time Build Order
Export as new Build Order

KingTesla Protoss 

Build Orders: 1 Gate Expand 

Get SALT Encoding   

  12  0:00  Probe (Chrono Boost)  
  13  0:13  Probe (Chrono Boost)  
  14  0:18  Pylon  
  14  0:23  Probe (Chrono Boost)  
  15  0:36  Probe (Chrono Boost), Gateway  
  16  0:46  Probe (Chrono Boost)  
  17  0:57  Probe (Chrono Boost)  
  18  1:08  Probe (Chrono Boost)  
  19  1:17  Nexus  
  19  1:20  Probe (Chrono Boost)  
  20  1:28  Assimilator  
  20  1:32  Probe (Chrono Boost)  
  21  1:38  Cybernetics Core  
  21  1:49  Probe (Chrono Boost)  
  21  1:52  Assimilator, Pylon  
  21  1:59  Probe (Chrono Boost)  
  22  2:10  Probe (Chrono Boost)  
  22  2:12  Adept  
  25  2:18  Warp Gate  
  26  2:23  Probe (Chrono Boost)  
  26  2:31  Probe (Chrono Boost)  
  26  2:33  Probe (Chrono Boost)  
  28  2:42  Probe (Chrono Boost)  
  31  2:44  Mothership Core (Chrono Boost)  
  31  2:47  Gateway  
  31  2:48  Gateway  
  31  2:52  Probe (Chrono Boost)  
  32  3:03  Probe x2 (Chrono Boost)  
  32  3:04  Twilight Council  
  34  3:13  Probe x2 (Chrono Boost)  
  36  3:26  Probe (Chrono Boost)  
  37  3:29  Robotics Facility  
  37  3:30  Probe (Chrono Boost)  
  38  3:37  Probe (Chrono Boost), Pylon  
  38  3:41  Probe (Chrono Boost)  
  40  3:46  Gateway  
  40  3:47  Resonating Glaives, Gateway  
  40  3:50  Probe (Chrono Boost)  
  40  3:51  Probe (Chrono Boost)  
  44  4:09  Gateway  
  42  4:12  Warp Prism  
  42  4:14  Gateway  
  42  4:15  Gateway  
  44  4:25  Adept x2  
  44  4:28  Pylon  
  48  4:42  Adept x2  
  52  4:46  Pylon  
  52  4:47  Pylon  
  50  5:16  Adept x5  
  50  5:17  Adept x3  
  66  5:24  Pylon  
  66  5:25  Pylon  
  66  5:34  Observer  
  66  5:35  Probe (Chrono Boost)  
  60  5:37  Probe (Chrono Boost)  
  58  5:48  Probe (Chrono Boost)  
  55  5:50  Probe (Chrono Boost)  
  55  5:52  Adept x7  
  55  5:53  Adept  
  47  5:57  Warp Prism  
  47  6:02  Probe (Chrono Boost), Blink  
  45  6:05  Probe (Chrono Boost)  
  45  6:06  Stalker x3  
  45  6:11  Assimilator  
  48  6:12  Assimilator  
  48  6:14  Probe (Chrono Boost)  
  45  6:24  Probe (Chrono Boost)  
  45  6:25  Probe (Chrono Boost)  
  45  6:35  Probe (Chrono Boost)  
  45  6:36  Probe (Chrono Boost)  
  45  6:38  Pylon  
  47  6:44  Observer, Pylon  
  47  6:45  Probe (Chrono Boost)  
  47  6:46  Probe (Chrono Boost)  
  50  6:52  Stalker x3  
  54  6:57  Probe (Chrono Boost)  
  53  7:07  Adept  
  52  7:09  Adept x2  
  52  7:12  Probe x2 (Chrono Boost)  
  58  7:23  Probe x2 (Chrono Boost)  
  52  7:33  Probe (Chrono Boost)  
  52  7:35  Probe (Chrono Boost)  
  54  7:40  Stalker x3  
  54  7:42  Stalker  
  62  7:45  Probe (Chrono Boost)  
  64  7:53  Probe (Chrono Boost)  
  64  7:59  Probe (Chrono Boost)  
  65  8:08  Nexus  
  65  8:14  Observer, Robotics Bay  
  59  8:28  Probe (Chrono Boost)  
  59  8:29  Probe (Chrono Boost)  
  59  8:33  Immortal  
  57  8:35  Stalker  
  57  8:36  Stalker x2  
  67  8:44  Robotics Facility  
  67  8:52  Probe (Chrono Boost)  
  67  8:53  Probe (Chrono Boost)  
  69  9:02  Probe (Chrono Boost)  
  70  9:06  Probe (Chrono Boost)  
  70  9:07  Stalker x2  
  70  9:08  Disruptor  
  75  9:11  Pylon  
  75  9:14  Probe (Chrono Boost)  
  80  9:18  Probe (Chrono Boost)  
  80  9:24  Probe (Chrono Boost)  
  80  9:28  Disruptor  
  80  9:30  Probe (Chrono Boost)  
  82  9:36  Stalker  
  82  9:37  Stalker  
  89  9:39  Disruptor  
  92  9:48  Stalker x3  
  92  9:49  Stalker  
  92  9:52  Probe (Chrono Boost)  
  97  9:53  Probe (Chrono Boost)  
  97  9:54  Probe (Chrono Boost)  
  97  10:00  Forge x2  
  97  10:05  Disruptor  
  97  10:10  Assimilator x2  
  97  10:11  Disruptor  
  103  10:21  Pylon  
  103  10:30  Stargate  
  103  10:32  Probe x2 (Chrono Boost)  
  103  10:33  Probe (Chrono Boost), Stalker x3  
  112  10:40  Protoss Ground Armor Level 1  
  112  10:42  Protoss Ground Weapons Level 1, Stalker x3  
  114  11:02  Nexus  
  96  11:27  Sentry, Adept x2  
  84  11:58  Stalker x4  
  78  12:30  Robotics Facility  
  78  12:39  Probe (Chrono Boost)  
  74  13:25  Pylon  
  68  16:25  Photon Cannon  
Show
View Real Time Build Order
Export as new Build Order

RuFF Terran - Winner!

Build Orders: Command Center First (CC) 

Get SALT Encoding   

  12  0:00  SCV  
  13  0:12  SCV  
  14  0:18  Supply Depot  
  14  0:26  SCV  
  15  0:40  SCV  
  16  0:58  Command Center  
  16  1:01  SCV  
  17  1:12  Barracks  
  17  1:15  SCV  
  18  1:21  Refinery  
  18  1:28  SCV  
  18  1:31  Refinery  
  19  1:40  SCV  
  19  1:52  SCV  
  21  2:04  Orbital Command  
  20  2:11  Factory  
  20  2:13  Supply Depot  
  20  2:17  Barracks Tech Lab  
  21  2:22  SCV  
  21  2:32  SCV  
  22  2:42  Orbital Command  
  22  2:47  SCV  
  23  3:01  Starport, Cyclone  
  23  3:04  SCV  
  28  3:10  SCV  
  28  3:11  Mag-Field Accelerator  
  29  3:16  SCV  
  29  3:27  SCV  
  29  3:28  SCV  
  29  3:33  Cyclone  
  35  3:39  SCV  
  36  3:43  Starport Tech Lab, Refinery  
  36  3:47  SCV  
  37  3:52  Refinery, SCV  
  38  3:59  SCV  
  39  4:03  Banshee  
  39  4:04  SCV  
  39  4:08  Cloaking Field  
  43  4:11  SCV  
  43  4:14  Widow Mine  
  46  4:22  Supply Depot  
  46  4:23  Supply Depot x2  
  46  4:29  Factory  
  46  4:44  Cyclone, SCV  
  51  4:46  Banshee  
  54  4:55  SCV  
  55  5:01  SCV  
  55  5:05  Factory  
  56  5:07  SCV  
  56  5:13  SCV  
  58  5:17  Factory Tech Lab  
  58  5:18  Cyclone  
  58  5:19  SCV  
  58  5:31  Banshee  
  52  5:59  Cyclone  
  52  6:00  Widow Mine  
  51  6:05  SCV  
  51  6:11  SCV  
  53  6:17  SCV  
  52  6:23  SCV  
  50  6:29  SCV  
  51  6:33  Factory Tech Lab  
  51  6:35  SCV  
  52  6:41  SCV  
  52  6:43  Banshee  
  52  6:44  Cyclone  
  52  6:46  Infernal Pre-Igniter  
  60  6:47  Refinery, SCV  
  61  7:05  Factory Tech Lab  
  61  7:09  Cyclone  
  61  7:16  Cyclone  
  57  7:31  Cyclone  
  57  7:35  SCV x2  
  63  7:41  Cyclone  
  67  7:45  Engineering Bay  
  67  7:47  SCV x2  
  67  7:48  Supply Depot  
  67  7:50  Command Center, Supply Depot  
  69  7:59  SCV  
  69  8:04  SCV, Cyclone, Raven  
  77  8:10  Cyclone  
  77  8:11  SCV  
  66  8:35  Cyclone  
  66  8:36  Cyclone  
  66  8:39  SCV  
  75  8:43  Cyclone  
  79  8:54  SCV  
  77  8:58  SCV  
  78  9:03  Raven  
  78  9:06  SCV  
  81  9:10  Supply Depot  
  81  9:11  Supply Depot  
  81  9:13  Missile Turret  
  81  9:14  Missile Turret  
  81  9:15  Cyclone  
  85  9:33  SCV  
  85  9:36  Cyclone x2  
  94  9:39  Supply Depot, SCV  
  94  9:40  Supply Depot x2  
  93  9:49  SCV  
  93  9:50  Planetary Fortress  
  93  9:52  Missile Turret  
  94  9:54  SCV  
  94  9:56  Refinery  
  95  10:00  Cyclone  
  95  10:02  SCV  
  95  10:05  Supply Depot  
  95  10:06  SCV  
  101  10:11  Corvid Reactor  
  101  10:14  SCV  
  102  10:16  Refinery  
  102  10:18  SCV  
  103  10:29  Raven  
  103  10:31  Widow Mine  
  103  10:32  SCV  
  108  10:45  Factory  
  108  10:49  Command Center  
  50  12:01  Planetary Fortress  
  50  12:03  Starport, SCV  
  47  12:17  Starport  
  47  12:18  Starport  
  47  12:20  Starport  
  40  12:44  Starport Tech Lab  
  40  13:02  Banshee  
  40  13:04  Starport Tech Lab x3  
  30  13:11  SCV  
  17  13:23  SCV  
  18  13:29  Banshee x3  
  27  13:35  SCV  
Tags
 
Add a new tag
Caveats
  • Supply blocks, unpowered buildings, or Contaminate may cause inaccurate times.
  • Supply counts are checked every 10 seconds.